 Dungeon Crawl Stone Soup version 0.21-a0-536-gdbbf329 (webtiles) character file.

80 Chaotic the Shield-Bearer (level 4, -4/41 HPs)
             Began as a Minotaur Fighter on Dec 14, 2017.
             Slain by Grinder (6 damage)
             ... while paralysed by Grinder
             ... on level 3 of the Dungeon.
             The game lasted 00:02:17 (1370 turns).

Chaotic the Shield-Bearer (Minotaur Fighter)        Turns: 1370, Time: 00:02:18

Health: -4/41      AC:  7    Str: 21    XL:     4   Next: 18%
Magic:  3/3        EV:  2    Int:  5    God:
Gold:   227        SH:  0    Dex: 10    Spells: 3/3 levels left

rFire    . . .     SeeInvis +   a - +0 rapier
rCold    . . .     Gourm    .   c - +0 shield
rNeg     . . .     Faith    .   b - +0 scale mail
rPois    +         Spirit   .   (helmet restricted)
rElec    .         Reflect  .   (no cloak)
rCorr    .         Harm     .   (no gloves)
MR       .....                  (no boots)
Stlth    ..........             (no amulet)
HPRegen  0.13/turn              l - ring of see invisible
MPRegen  0.08/turn              q - ring of poison resistance

@: paralysed
A: retaliatory headbutt, horns 2
a: no special abilities


You were on level 3 of the Dungeon.
You were hungry.

You visited 1 branch of the dungeon, and saw 4 of its levels.

You collected 227 gold pieces.

Inventory:

Hand Weapons
 a - a +0 rapier (weapon)
Armour
 b - a +0 scale mail (worn)
 c - a +0 shield (worn)
Jewellery
 l - a ring of see invisible (left hand)
 q - a ring of poison resistance (right hand)
Scrolls
 e - a scroll of enchant armour {unknown}
 g - a scroll of amnesia {unknown}
 h - 3 scrolls of remove curse {unknown}
 k - a scroll of fear {unknown}
 r - 2 scrolls of teleportation {unknown}
 s - 2 scrolls of fog {unknown}
 v - a scroll of identify
Potions
 d - a potion of might
 j - a potion of agility {unknown}
 m - a potion of mutation {unknown}
 n - a potion of cancellation {unknown}
 o - a potion of magic {unknown}
 t - 2 potions of curing {unknown}
Comestibles
 f - 3 bread rations
 i - 2 meat rations
 p - a royal jelly
 u - 3 fruits
 w - a chunk of flesh


   Skills:
 + Level 4.3 Fighting
 + Level 3.1 Short Blades
 + Level 4.3 Armour
 + Level 4.4 Shields


You had 3 spell levels left.
You didn't know any spells.

Dungeon Overview and Level Annotations

Branches:
Dungeon (4/15)
 Temple: D:4-7

Altars:

Annotations:
D:3 Grinder
D:4 Edmund


Innate Abilities, Weirdness & Mutations

You reflexively headbutt those who attack you in melee.
You have a pair of horns on your head.


Message History

Level annotation: Grinder
There is a stone staircase leading down here.
You hit the orc.
The orc is moderately wounded.
You block the orc's attack. The orc hits you but does no damage.
Your shield and scale mail prevent you from hitting the orc.
You headbutt the orc.
You kill the orc!
The orc hits you with a war axe. You block Grinder's attack.
The orc hits you with a war axe.
* * * LOW HITPOINT WARNING * * *
Grinder gestures at you.
You suddenly lose the ability to move!
The orc hits you with a war axe.
* * * LOW HITPOINT WARNING * * *
Grinder hits you but does no damage. Grinder hits you.
* * * LOW HITPOINT WARNING * * *
You writhe in agony.
You die...

...... .... ## #..#
.########..#
........[).########
.........[.#......#
#.................#
#.........#..<..5.#
#.........#.....@>#
#.......###.....o.#
#.......###.......########
#.....)..##..............#
.........##.......######..
#......#..#..##.###
.......##.#...#.##
..#....##.#.#.#..#
###..............#


You could see Grinder and an orc.

Vanquished Creatures
  2 adders
  2 worms (D:2)
  2 leopard geckos
  5 orcs (D:3)
  A ball python (D:1)
  8 bats
  2 giant cockroaches
  5 hobgoblins
  2 jackals (D:2)
  4 kobolds
  A quokka (D:2)
  3 frilled lizards (D:1)
  6 goblins
  4 rats
47 creatures vanquished.

Notes
Turn   | Place    | Note
-------+----------+-------------------------------------------
     0 | D:1      | Chaotic the Minotaur Fighter began the quest for the Orb.
     0 | D:1      | Reached XP level 1. HP: 19/19 MP: 0/0
   268 | D:1      | Reached XP level 2. HP: 27/27 MP: 1/1
   711 | D:2      | Reached XP level 3. HP: 33/33 MP: 2/2
  1146 | D:3      | Reached XP level 4. HP: 35/41 MP: 3/3
  1338 | D:3      | Noticed Grinder
  1363 | D:4      | Noticed Edmund
  1368 | D:3      | Paralysed by Grinder for 6 turns
  1370 | D:3      | HP: 2/41 [Grinder (1)]
  1370 | D:3      | Slain by Grinder

Vault maps used:
D:1:      dpeg_arrival_fog, nrook_mini_backslash
D:2:      first_bread, hex_large
D:3:      uniq_grinder
D:4:      grunt_temple_overflow_champion_of_chaos,
          nicolae_overflow_crystal_walls, grunt_temple_overflow_holy_war,
          serial_undead, serial_undead_c, serial_undead_d, serial_undead_a,
          serial_undead_e, grunt_ministairs_14, uniq_edmund, uniq_natasha,
          uniq_blork_the_orc

Skill      XL: |  1  2  3 |
---------------+----------+-----
Shields        | 4 |  4.4
Fighting       | 4 |  4.3
Armour         | 4 |  4.3
Short Blades   | 3 |  3.1

Action                   |  1- 3 |  4- 6 || total
-------------------------+-------+-------++-------
Melee: Rapier            |    99 |    23 ||   122
       Headbutt          |     8 |     3 ||    11
  Use: Scroll            |     3 |       ||     3
  Eat: Chunk             |       |     1 ||     1
Armor: Scale mail        |    40 |    16 ||    56
Dodge: Dodged            |    28 |    13 ||    41
Block: Shield            |    48 |    21 ||    69

Table legend:
 A = Spawn XP
 B = Non-spawn XP
 C = Spawn XP percentage of total XP
 D = Spawn monster count
 E = Non-spawn monster count
 F = Spawn count percentage of total count
 G = Total turns spent on level
                    A         B        C        D         E        F      G
               +---------+---------+-------+---------+---------+-------+---------
         Total |       0 |     115 |   0.0 |       0 |      47 |   0.0 |  1370
               +---------+---------+-------+---------+---------+-------+---------
           D:1 |       0 |      26 |   0.0 |       0 |      17 |   0.0 |   640
           D:2 |       0 |      48 |   0.0 |       0 |      17 |   0.0 |   388
           D:3 |       0 |      41 |   0.0 |       0 |      13 |   0.0 |   340
               +---------+---------+-------+---------+---------+-------+---------
